 Dungeon Crawl Stone Soup version 0.28.0-1-gb440e238dd (webtiles) character file.

Game seed: 11824167103975001204

5 lawman0 the Sneak (level 1, 0/13 HPs)
             Began as a Gnoll Enchanter on Feb 20, 2022.
             Slain by a kobold (5 damage)
             ... on level 1 of the Dungeon.
             The game lasted 00:00:21 (553 turns).

lawman0 the Sneak (Gnoll Enchanter)                  Turns: 553, Time: 00:00:22

Health: 0/13       AC:  2    Str:  7    XL:     1   Next: 80%
Magic:  6/6        EV: 13    Int: 14    God:
Gold:   28         SH:  0    Dex: 12    Spells: 9/9 levels left

rFire   . . .      SeeInvis .   a - +1 dagger
rCold   . . .      Faith    .   (no shield)
rNeg    . . .      Spirit   .   b - +0 robe
rPois   .          Reflect  .   (no helmet)
rElec   .          Harm     .   (no cloak)
rCorr   .          Rampage  .   (no gloves)
Will    .....                   (no boots)
Stlth   +++.......              (no amulet)
HPRegen 0.04/turn               (no ring)
MPRegen 0.10/turn               (no ring)

@: no status effects
A: fangs 1, strong nose, distributed training
a: no special abilities


You were on level 1 of the Dungeon.
You visited 1 branch of the dungeon, and saw 1 of its levels.

You collected 28 gold pieces.

Inventory:

Hand Weapons
 a - a +1 dagger (weapon)
Armour
 b - a +0 robe (worn)
Potions
 c - a potion of invisibility
 d - a potion of degeneration {unknown}
 e - a potion of curing {unknown}


   Skills:
 + Level 0.1 Fighting
 + Level 2.4 Short Blades
 + Level 0.1 Long Blades
 + Level 0.1 Axes
 + Level 0.1 Maces & Flails
 + Level 0.1 Polearms
 + Level 0.1 Staves
 + Level 0.1 Slings
 + Level 0.1 Bows
 + Level 0.1 Crossbows
 + Level 0.1 Throwing
 + Level 0.1 Armour
 + Level 4.4 Dodging
 + Level 5.9 Stealth
 + Level 0.1 Shields
 + Level 0.1 Unarmed Combat
 + Level 4.9 Spellcasting
 + Level 0.1 Conjurations
 + Level 5.3 Hexes
 + Level 0.1 Summonings
 + Level 0.1 Necromancy
 + Level 0.1 Translocations
 + Level 0.1 Transmutations
 + Level 0.1 Fire Magic
 + Level 0.1 Ice Magic
 + Level 0.1 Air Magic
 + Level 0.1 Earth Magic
 + Level 0.1 Poison Magic
 + Level 0.2 Invocations
 + Level 0.1 Evocations


You had 9 spell levels left.
You didn't know any spells.
Your spell library contained the following spells:

 Spells                   Type           Power      Damage    Failure   Level
 Confusing Touch          Hex            18%        N/A       6%          3
 Tukima's Dance           Hex            18%        N/A       6%          3
 Ensorcelled Hibernation  Hex/Ice        22%        N/A       9%          2
 Dazzling Flash           Conj/Hex       22%        N/A       17%         3


Dungeon Overview and Level Annotations

Branches:
Dungeon (1/15)

Altars:


Innate Abilities, Weirdness & Mutations

You have very sharp teeth.
Your uncanny sense of smell can sniff out nearby items.
Your experience applies equally to all skills.


Message History

There is an open door here.
You start resting.
HP restored.
There is a faded altar of an unknown god here.
You now have 28 gold pieces (gained 18).
e - a bubbling emerald potion You open the door.
There is an open door here.
There is an open door here.
You open the door.
An endoplasm comes into view.
There is an open door here.
The helpless endoplasm fails to defend itself.
You impale the endoplasm!!
You kill the endoplasm!
No target in view!
There is an open door here.
You open the door.
There is an open door here.
A frilled lizard is nearby!
A frilled lizard is nearby!
A kobold comes into view. It is wielding a +0 short sword.
The frilled lizard hisses angrily.
A quokka comes into view.
Found 22 stones.
You miss the frilled lizard. Your bite misses the frilled lizard.
The frilled lizard barely misses you.
You hit the frilled lizard.
You kill the frilled lizard!
A ball python comes into view.
The kobold closely misses you.
You barely miss the kobold.
The kobold hits you with a +0 short sword.
You closely miss the kobold.
The kobold hits you with a +0 short sword.
You are too injured to fight recklessly!
You hit the kobold.
The kobold is moderately wounded.
The kobold hits you with a +0 short sword.
You die...

#.......#.# ##.....##.#
#.._.8##)#
##.....##.#### #
#...8...#....# .#
#..###..#....# ..# '###
###'..>.######..(##
.#####.........#†..#...#
.............#..@......S
######.......#...K......
#.......#..........
####.####.....r....
#...###.........
###..#.........#
##.#.####.##.# #...# .#
.# #..##


You could see a quokka, a ball python (asleep) and a kobold.

Vanquished Creatures
  2 endoplasms (D:1)
  A goblin (D:1)
  A frilled lizard (D:1)
  A rat (D:1)
5 creatures vanquished.

Notes
Turn   | Place    | Note
-------+----------+-------------------------------------------
     0 | D:1      | lawman0 the Gnoll Enchanter began the quest for the Orb.
     0 | D:1      | Reached XP level 1. HP: 13/13 MP: 6/6
   207 | D:1      | Found a faded altar of an unknown god.
   553 | D:1      | Slain by a kobold

Illustrated notes

Levels and vault maps discovered:
D:1:      nicolae_arrival_memento_mori, layout_rooms,
          hellmonk_ecumenical_altar_slurped_away

Action                   || total
-------------------------++-------
Melee: Dagger            ||    14
       Bite              ||     1
 Stab: Sleeping          ||     2
Armor: Robe              ||     1
Dodge: Dodged            ||     3
